 Dungeon Crawl Stone Soup version 0.9.0-27-g8a39726 character file.

90 pedo the Changer (level 3, -1/23 HPs)
             Began as a Sludge Elf Stalker on Sept 5, 2011.
             Slain by Sigmund
             ... wielding a +0,+0 scythe
              (10 damage)
             ... on Level 2 of the Dungeon.
             The game lasted 00:13:47 (1764 turns).

pedo the Changer (Sludge Elf Stalker)               Turns: 1764, Time: 00:13:47

HP  -1/23        AC  3     Str 10      XL: 3   Next: 45%
MP   3/4         EV 13     Int 13      God:
Gold 51          SH  0     Dex 16      Spells:  2 memorised,  1 level left

Res.Fire  : . . .   See Invis. : .   a - +2 elf dagger
Res.Cold  : . . .   Warding    : . . b - +0 elf robe
Life Prot.: . . .   Conserve   : .   (no shield)
Res.Acid. : . . .   Res.Corr.  : .   (no helmet)
Res.Poison: .       Clarity    : .   c - +0 elf cloak
Res.Elec. : .       Spirit.Shd : .   (no gloves)
Sust.Abil.: . .     Stasis     : .   (no boots)
Res.Mut.  : .       Ctrl.Telep.: .   s - amulet of the gourmand
Res.Rott. : .       Levitation : .   (no ring)
Gourmand  : +       Ctrl.Flight: .   (no ring)

@: slightly resistant to hostile enchantments, stealthy
A: no striking features
a: no special abilities


You were on level 2 of the Dungeon.
You were very hungry.

You visited 1 branch of the dungeon, and saw 2 of its levels.

You collected 31 gold pieces.

Inventory:

Hand weapons
 a - a +2,+2 elven dagger (weapon)
 k - a -1,+1 orcish club (quivered)
Armour
 b - a +0 elven robe (worn)
 c - a +0 elven cloak (worn)
Comestibles
 f - a bread ration
 g - 2 lemons
 q - a rambutan
Scrolls
 h - 4 scrolls of remove curse {unknown}
 i - a scroll of identify {unknown}
 j - a scroll of random uselessness {unknown}
 m - a scroll of fear {unknown}
 o - 4 scrolls of detect curse {unknown}
Jewellery
 s - an amulet of the gourmand (around neck)
Potions
 e - 5 potions of confusion
 l - 5 potions of poison
 n - 5 potions of water
 r - a potion of invisibility {unknown}
Books
 d - a book of Stalking

   Spells                             Type                      Level
   *Fulsome Distillation              Transmutation/Necromancy     1
   *Evaporate                         Fire/Transmutation           2
   Passwall                           Transmutation/Earth          3
   Petrify                            Transmutation/Earth          4
   Dig                                Transmutation/Earth          4


   Skills:
 + Level 1 Fighting
 - Level 1 Short Blades
 + Level 3 Dodging
 + Level 3 Stealth
 + Level 3 Stabbing
 - Level 1 Spellcasting
 - Level 1 Necromancy
 + Level 3 Transmutations


You had one spell level left.
You knew the following spells:

 Your Spells              Type           Power        Success   Level  Hunger
a - Fulsome Distillation Trmt/Necr N/A            Very         Good        1    Strawberry
z - Evaporate             Fire/Trmt      #.........   Good        2    Choko

Dungeon Overview and Level Annotations

Branches:
Dungeon (2/27)

Altars:


Message History

You hit the helpless Sigmund.
Sigmund is moderately wounded.
Sigmund is engulfed in noxious fumes.
Sigmund appears confused.
The goblin hits you with a glowing elven dagger.
Sigmund zaps a wand.
You hit the helpless Sigmund.
Sigmund is moderately wounded.
Sigmund zaps a wand.
The goblin closely misses you.
You hit the helpless Sigmund.
Sigmund is moderately wounded.
The goblin barely misses you. The goblin hits you but does no damage.
You catch the helpless Sigmund completely off-guard!
You slash the helpless Sigmund!
Sigmund is almost dead.
Sigmund zaps a wand.
The goblin hits you but does no damage.
You hit the helpless Sigmund.
Sigmund is almost dead.
Sigmund hits you with a scythe!
You die...

######
######.....# ####
....##.....# #...
.##.##....?# #...
.##.##.....# #...
.##.##.....# ####
.##.##.....#
.##.##.@.g.#
.##.###.@..######
.##.# #..........
.##.# #..........
###.# #..........
..#.#####........
..#...# #........
..#.#.# #....####
..'<#.# #....# #
..###.# #....# #


You could see Sigmund (confused) and a goblin.

Vanquished Creatures
  A giant gecko (D:1)
  2 goblins (D:1)
  7 hobgoblins
  9 kobolds
  7 bats
  3 giant cockroaches
  6 giant newts (D:1)
  A rat (D:1)
  A small snake (D:2)
37 creatures vanquished.

Notes
Turn   | Place    | Note
--------------------------------------------------------------
     0 | D:1      | pedo, the Sludge Elf Stalker, began the quest for the Orb.
     0 | D:1      | Reached XP level 1. HP: 13/13 MP: 1/1
    90 | D:1      | Learned a level 1 spell: Fulsome Distillation
   380 | D:1      | Reached skill level 1 in Short Blades
   380 | D:1      | Reached XP level 2. HP: 9/18 MP: 3/3
   499 | D:1      | Learned a level 2 spell: Evaporate
  1139 | D:1      | Reached XP level 3. HP: 21/23 MP: 4/4
  1632 | D:2      | HP: 1/23 [giant cockroach (1)]
  1732 | D:2      | Reached skill level 1 in Necromancy
  1753 | D:2      | Noticed Sigmund
  1764 | D:2      | Slain by Sigmund
